 Dungeon Crawl Stone Soup version 0.24.0-125-gc4c63601f3 (webtiles) character file.

Game seed: 12661123418689347346, levelgen mode: deterministic

537 Peloso the Slasher (level 7, -11/60 HPs)
             Began as a Minotaur Fighter on Feb 18, 2020.
             Mangled by Pikel
             ... wielding a +2 whip of electrocution
              (15 damage)
             ... on level 4 of the Dungeon.
             The game lasted 00:05:27 (2645 turns).

Peloso the Slasher (Minotaur Fighter)               Turns: 2645, Time: 00:05:28

Health: -11/60     AC:  8    Str: 21    XL:     7   Next: 5%
Magic:  6/6        EV:  8    Int:  5    God:
Gold:   171        SH: 10    Dex: 11    Spells: 6/6 levels left

rFire    + . .     SeeInvis .   a - +0 long sword
rCold    x . .     Gourm    .   c - +0 shield
rNeg     . . .     Faith    .   j - +0 scale mail
rPois    .         Spirit   .   (helmet restricted)
rElec    .         Reflect  .   e - scarf {cloud immunity}
rCorr    .         Harm     .   (no gloves)
MR       .....                  t - +0 pair of boots (curse)
Stlth    ..........             q - amulet of regeneration (curse)
HPRegen  0.60/turn              i - ring of fire
MPRegen  0.10/turn              (no ring)

@: no status effects
A: retaliatory headbutt, horns 2
a: no special abilities


You were on level 4 of the Dungeon.
You were not hungry.

You visited 1 branch of the dungeon, and saw 4 of its levels.

You collected 171 gold pieces.

Inventory:

Hand Weapons
 a - a +0 long sword (weapon)
 b - a +0 whip of flaming
 u - a +1 broad axe of distortion
Armour
 c - a +0 shield (worn)
 e - a scarf of cloud immunity (worn)
 j - a +0 scale mail (worn)
 l - a +2 cloak
 t - a cursed +0 pair of boots (worn)
Jewellery
 i - a ring of fire (left hand)
 q - a cursed amulet of regeneration (around neck)
Scrolls
 g - a scroll of fear {unknown}
 h - a scroll of remove curse {unknown}
 k - 2 scrolls of amnesia {unknown}
 m - 2 scrolls of enchant weapon
 n - a scroll of enchant armour {unknown}
 o - 2 scrolls of immolation {unknown}
 p - a scroll of identify
 s - a scroll of magic mapping {unknown}
Potions
 d - 2 potions of might
Comestibles
 f - 8 rations
 r - 3 chunks of flesh


   Skills:
 + Level 4.9 Fighting
 + Level 6.1 Long Blades
 + Level 5.1 Armour
 + Level 2.0 Dodging
 + Level 0.4 Stealth
 + Level 5.4 Shields


You had 6 spell levels left.
You didn't know any spells.
Your spell library was empty.

Dungeon Overview and Level Annotations

Branches:
Dungeon (4/15)
 Temple: D:4-7

Altars:
Xom
Yredelemnul
Zin

Annotations:
D:4 Pikel


Innate Abilities, Weirdness & Mutations

You reflexively headbutt those who attack you in melee.
You have a pair of horns on your head.


Message History

Pikel hits you with a +2 whip of electrocution.
You are electrocuted!
Pikel hits you with a +2 whip of electrocution.
You miss Pikel. You headbutt Pikel, but do no damage.
Pikel is moderately wounded.
Pikel hits you but does no damage.
You closely miss Pikel.
Pikel is moderately wounded.
You block Pikel's attack.
You slash Pikel!
Pikel is heavily wounded.
Pikel hits you with a +2 whip of electrocution.
You are electrocuted!!
* * * LOW HITPOINT WARNING * * *
You slash Pikel!
Pikel is severely wounded.
Pikel hits you with a +2 whip of electrocution!
* * * LOW HITPOINT WARNING * * *
You are electrocuted!
You die...

##......<....# #.#.#
####.#......# #.#.#
..........# #.#.#
####.#.....# #.#.#
#####.#####.# #.#.###
....... #.# #.#....
.......## #.# #.#†.(.
......K.# #.#
###.#.... #@###.#
#.....#.) #†)##.#
#.#...#.# ##)##.#
#.#...#.#
#)##.####)#.....#
#####.##............#
#......#.###'#####+##
#......#............
#......#............
#...................


You could see Pikel.

Vanquished Creatures
  Eustachio (D:4)
  3 slaves (D:4)
  An ogre (D:4)
  2 scorpions (D:4)
  An orc priest (D:4)
  Jessica (D:3)
  A gnoll (D:1)
  4 adders
  2 oozes
  A worm (D:2)
  2 dart slugs
  2 leopard geckos
  9 orcs
  8 bats
  3 giant cockroaches
  2 gnoll zombies (D:2)
  5 goblins
  12 hobgoblins
  6 jackals (D:3)
  8 kobolds
  A quokka (D:3)
  4 frilled lizards
  10 rats
89 creatures vanquished.

Notes
Turn   | Place    | Note
-------+----------+-------------------------------------------
     0 | D:1      | Peloso the Minotaur Fighter began the quest for the Orb.
     0 | D:1      | Reached XP level 1. HP: 19/19 MP: 0/0
    82 | D:1      | Reached XP level 2. HP: 24/27 MP: 1/1
   290 | D:1      | Reached XP level 3. HP: 16/33 MP: 2/2
   640 | D:1      | Reached skill level 3 in Long Blades
   923 | D:2      | Found a shimmering altar of Xom.
   923 | D:2      | Found a shimmering altar of Xom.
   923 | D:2      | Found a shimmering altar of Xom.
   924 | D:2      | Found a shimmering altar of Xom.
   931 | D:2      | Found a shimmering altar of Xom.
   931 | D:2      | Found a shimmering altar of Xom.
   948 | D:2      | Reached XP level 4. HP: 40/40 MP: 3/3
   958 | D:2      | Found a shimmering altar of Xom.
   959 | D:2      | Found a shimmering altar of Xom.
  1429 | D:2      | Found a basalt altar of Yredelemnul.
  1764 | D:3      | Reached skill level 4 in Long Blades
  1841 | D:3      | Reached XP level 5. HP: 47/47 MP: 4/4
  2173 | D:3      | Found a glowing silver altar of Zin.
  2173 | D:3      | Noticed Jessica
  2176 | D:3      | Killed Jessica
  2176 | D:3      | Reached skill level 1 in Dodging
  2318 | D:4      | Noticed Eustachio
  2370 | D:4      | Killed Eustachio
  2370 | D:4      | Reached skill level 5 in Long Blades
  2370 | D:4      | Reached skill level 5 in Shields
  2370 | D:4      | Reached XP level 6. HP: 14/53 MP: 5/5
  2488 | D:4      | Noticed a slave
  2488 | D:4      | Noticed a slave
  2507 | D:4      | Killed a slave
  2513 | D:4      | Killed a slave
  2517 | D:4      | Reached skill level 5 in Armour
  2605 | D:4      | Noticed a slave
  2624 | D:4      | Killed a slave
  2627 | D:4      | Reached skill level 6 in Long Blades
  2627 | D:4      | Reached XP level 7. HP: 55/60 MP: 6/6
  2632 | D:4      | Noticed Pikel
  2645 | D:4      | Mangled by Pikel

Levels and vault maps discovered:
D:1:      mrwooster_arrival_statue_2, layout_loops_ring, minmay_tetromino_l4
D:2:      layout_loops_ring, xom_redecorated, lemuel_zombie_altar_yredelemnul
D:3:      layout_loops_ring, marbit_many_paths, uniq_jessica
D:4:      layout_basic, grunt_dithmenos_smoke,
          gammafunk_temple_overflow_forgotten, first_ration, uniq_blork_the_orc,
          uniq_sigmund, uniq_eustachio, uniq_pikel, uniq_ijyb

Skill      XL: |  1  2  3  4  5  6 |
---------------+-------------------+-----
Shields        | 4 5 |  5.4
Armour         | 4 5 |  5.1
Fighting       | 4 |  4.9
Long Blades    | 3 4 5 6 |  6.1
Dodging        | 1 2 |  2.0
Stealth        | |  0.4

Action                   |  1- 3 |  4- 6 |  7- 9 || total
-------------------------+-------+-------+-------++-------
Melee: Long sword        |   103 |   160 |    10 ||   273
       Headbutt          |    11 |    34 |     2 ||    47
  Use: Potion            |     2 |       |       ||     2
       Scroll            |       |     1 |       ||     1
  Eat: Ration            |       |     1 |       ||     1
       Chunk             |       |     3 |       ||     3
Armor: Scale mail        |    41 |    61 |     2 ||   104
Dodge: Dodged            |    31 |    51 |     1 ||    83
Block: Shield            |    65 |    69 |     3 ||   137
       Rpst.: Long sword |     4 |    16 |       ||    20
